Map: Invader LE

Players

LBD - Winner!

  • Race: Zerg Zerg
  • League: Gold
  • Spawn Location: 11:00

Fropez

  • Race: Protoss Protoss
  • League: Silver
  • Spawn Location: 1:00

VOD

Have the link to the VOD?

Description

Time

  • Played on: June 29, 2016, 5:13 p.m.
  • Length: 7:29
Show
View Real Time Build Order
Export as new Build Order

LBD Zerg - Winner!

Build Orders: Hatch First 

Get SALT Encoding   

  12  0:01  Drone  
  13  0:11  Drone  
  14  0:20  Extractor  
  13  0:23  Drone  
  13  0:27  Extractor  
  13  0:30  Drone  
  16  0:48  Hatchery  
  15  0:55  Extractor, Overlord  
  14  1:12  Spawning Pool, Drone  
  14  1:22  Drone x2  
  16  1:43  Drone  
  16  1:44  Drone  
  16  1:46  Drone  
  19  2:00  Metabolic Boost  
  19  2:05  Queen  
  19  2:08  Zergling x6  
  25  2:15  Drone  
  25  2:20  Extractor  
  24  2:24  Zergling x4  
  27  2:37  Drone x2  
  28  2:52  Overlord  
  28  2:59  Lair  
  28  3:12  Drone x2  
  30  3:13  Drone x4  
  34  3:23  Zergling x2  
  34  3:24  Zergling x2  
  34  3:26  Zergling x2  
  33  3:42  Zergling x2  
  33  3:43  Zergling x4  
  33  3:48  Overlord x2  
  35  4:05  Queen  
  35  4:07  Evolution Chamber  
  35  4:08  Drone  
  35  4:09  Drone x3  
  40  4:13  Queen  
  42  4:18  Roach Warren  
  41  4:24  Drone x2  
  37  4:57  Spine Crawler, Zerg Missile Weapons Level 1  
  37  4:59  Overlord x2  
  36  5:04  Nydus Network  
  35  5:07  Queen  
  35  5:09  Overlord x2  
  37  5:19  Overlord  
  37  5:22  Roach x4  
  45  5:36  Queen  
  45  5:39  Roach x2  
  45  5:40  Roach x2  
  55  5:47  Roach x4  
  63  6:04  Spore Crawler  
  63  6:05  Spine Crawler  
  63  6:08  Roach  
  63  6:09  Roach x2  
  67  6:16  Overseer  
  67  6:23  Roach x3  
  67  6:25  Roach  
  72  6:40  Nydus Canal  
  72  6:44  Queen  
  74  6:54  Spine Crawler  
Show
View Real Time Build Order
Export as new Build Order

Fropez Protoss 

Build Orders: Nexus First 

Get SALT Encoding   

  12  0:01  Probe (Chrono Boost)  
  13  0:41  Nexus  
  13  0:50  Pylon  
  13  0:59  Pylon  
  13  1:01  Probe (Chrono Boost)  
  14  1:11  Probe (Chrono Boost)  
  14  1:13  Assimilator  
  15  1:25  Gateway  
  15  1:30  Probe (Chrono Boost)  
  16  1:40  Probe (Chrono Boost)  
  17  1:52  Probe (Chrono Boost)  
  17  1:54  Probe (Chrono Boost)  
  19  2:09  Probe (Chrono Boost)  
  19  2:11  Probe (Chrono Boost), Gateway  
  19  2:13  Pylon  
  21  2:24  Cybernetics Core  
  21  2:31  Probe (Chrono Boost)  
  21  2:32  Assimilator  
  21  2:40  Zealot (Chrono Boost)  
  21  2:42  Probe x2  
  25  2:53  Probe  
  25  2:54  Probe  
  27  3:03  Warp Gate (Chrono Boost)  
  27  3:04  Adept (Chrono Boost)  
  29  3:07  Mothership Core (Chrono Boost)  
  29  3:09  Probe  
  29  3:10  Assimilator  
  32  3:23  Zealot  
  32  3:28  Zealot  
  34  3:36  Probe (Chrono Boost)  
  34  3:37  Probe (Chrono Boost)  
  35  3:52  Probe (Chrono Boost)  
  35  3:53  Probe (Chrono Boost)  
  37  3:55  Pylon  
  37  3:57  Adept x2  
  37  3:59  Pylon  
  42  4:03  Probe (Chrono Boost)  
  42  4:04  Probe (Chrono Boost)  
  42  4:06  Assimilator  
  43  4:13  Probe (Chrono Boost)  
  43  4:14  Probe (Chrono Boost)  
  45  4:28  Stargate  
  45  4:30  Stargate  
  38  4:48  Probe x2 (Chrono Boost)  
  40  5:02  Probe (Chrono Boost)  
  40  5:03  Probe (Chrono Boost)  
  40  5:05  Forge  
  42  5:08  Pylon  
  42  5:14  Phoenix x2  
  42  5:19  Probe (Chrono Boost)  
  42  5:21  Probe (Chrono Boost)  
  48  5:34  Gateway  
  48  5:42  Phoenix  
  51  5:45  Phoenix  
  51  5:49  Probe (Chrono Boost)  
  53  5:51  Probe (Chrono Boost)  
  54  6:10  Phoenix  
  56  6:12  Phoenix  
  56  6:16  Pylon  
  58  6:20  Pylon  
  58  6:28  Probe (Chrono Boost)  
  58  6:29  Probe (Chrono Boost)  
  60  6:48  Zealot x2  
  60  6:50  Phoenix x2  
Tags
 
Add a new tag
Caveats
  • Supply blocks, unpowered buildings, or Contaminate may cause inaccurate times.
  • Supply counts are checked every 10 seconds.